 Dungeon Crawl Stone Soup version 0.24-a0-378-g94936e5 (webtiles) character file.

Game seed: 14962740187680148371

193 topirishpotato the Covert (level 5, -1/26 HPs)
             Began as a Spriggan Assassin on June 2, 2019.
             Slain by Terence
             ... wielding a +2 hand axe of electrocution
              (9 damage)
             ... on level 2 of the Dungeon.
             The game lasted 00:02:26 (1951 turns).

topirishpotato the Covert (Spriggan Assassin)       Turns: 1951, Time: 00:02:27

Health: -1/26      AC:  3    Str:  8    XL:     5   Next: 43%
Magic:  0/6        EV: 19    Int: 12    God:
Gold:   64         SH:  0    Dex: 18    Spells: 4/4 levels left

rFire    . . .     SeeInvis +   a - +2 dagger
rCold    . . .     Gourm    .   (shield restricted)
rNeg     . . .     Faith    .   b - +0 robe
rPois    .         Spirit   +   (helmet restricted)
rElec    .         Reflect  .   c - +0 cloak
rCorr    .         Harm     .   (gloves unavailable)
MR       .....                  (boots unavailable)
Stlth    ++++......             g - amulet of guardian spirit
HPRegen  0.08/turn              (no ring)
MPRegen  0.10/turn              (no ring)

@: very quick
A: very small, unfitting armour, see invisible, herbivore, speed 3, slow
metabolism 2
a: no special abilities


You were on level 2 of the Dungeon.
You were not hungry.

You visited 1 branch of the dungeon, and saw 2 of its levels.

You collected 64 gold pieces.

Inventory:

Hand Weapons
 a - a +2 dagger (weapon)
Armour
 b - a +0 robe (worn)
 c - a +0 cloak (worn)
Jewellery
 g - an amulet of guardian spirit (around neck)
Potions
 h - a potion of curing {unknown}
Comestibles
 f - 4 rations


   Skills:
 + Level 2.0 Fighting
 + Level 3.3 Short Blades
 - Level 2.0 Throwing
 + Level 3.4 Dodging
 * Level 8.6 Stealth


You had 4 spell levels left.
You didn't know any spells.
Your spell library was empty.

Dungeon Overview and Level Annotations

Branches:
Dungeon (2/15)

Altars:

Annotations:
D:2 Terence


Innate Abilities, Weirdness & Mutations

You are very small and have problems with some larger weapons.
You are too small for most types of armour.
You have supernaturally acute eyesight. (SInv)
You are a herbivore.
You cover ground extremely quickly.
You need to consume almost no food.


Message History

You hit the jackal.
You kill the jackal!
You hit Terence.
Terence is lightly wounded.
Terence barely misses you.
You hit Terence.
Terence is moderately wounded.
Terence misses you.
You hit Terence but do no damage.
Terence is moderately wounded.
Terence barely misses you.
You hit Terence but do no damage.
Terence is moderately wounded.
You hit Terence but do no damage.
Terence is moderately wounded.
Terence closely misses you.
You barely miss Terence.
Terence is moderately wounded.
Terence hits you but does no damage.
You are electrocuted!
You die...

......#.............
./....##.(..........
...... #....?.......
......
##...........########
.....
#..########.........
.... ####.####
#...... +)...(.[+
#......
......#####@###
#......
......#####@##
#...... #...........#
#..))..
#.........#'######
#......
#................#
#......
#................#
#######
#................#
#................#.#
####.#+###.......#.#
#.#.# ####..###.#


You could see Terence.

Vanquished Creatures
  Sigmund (D:2)
  An ooze (D:1)
  A dart slug (D:1)
  A giant cockroach (D:2)
  4 goblins
  3 hobgoblins
  4 jackals (D:2)
  3 kobolds
  4 bats
  3 frilled lizards
  5 rats (D:1)
30 creatures vanquished.

Notes
Turn   | Place    | Note
-------+----------+-------------------------------------------
     0 | D:1      | topirishpotato the Spriggan Assassin began the quest for
                  | the Orb.
     0 | D:1      | Reached XP level 1. HP: 10/10 MP: 2/2
    87 | D:1      | Reached skill level 6 in Stealth
   405 | D:1      | Reached XP level 2. HP: 10/14 MP: 3/3
  1272 | D:1      | Reached skill level 7 in Stealth
  1870 | D:2      | Noticed Sigmund
  1875 | D:2      | Killed Sigmund
  1875 | D:2      | Reached skill level 8 in Stealth
  1875 | D:2      | Reached XP level 3. HP: 18/18 MP: 0/4
  1875 | D:2      | Reached XP level 4. HP: 23/23 MP: 0/5
  1875 | D:2      | Reached XP level 5. HP: 26/26 MP: 0/6
  1888 | D:2      | Noticed Terence
  1951 | D:2      | Slain by Terence

Levels and vault maps discovered:
D:1:      wander_arrival_peaceful_grave, layout_rooms, st_stairs_7,
          corexii_corridor_pit, minivault_23
D:2:      layout_basic, uniq_sigmund, uniq_terence

Skill      XL: |  1  2 |
---------------+-------+-----
Stealth        | 6 8 |  8.6
Fighting       | 2 |  2.0
Short Blades   | 3 |  3.3
Dodging        | 3 |  3.4
Throwing       | |  2.0

Action                   |  1- 3 |  4- 6 || total
-------------------------+-------+-------++-------
Melee: Dagger            |   135 |    36 ||   171
Throw: Dart              |     2 |    10 ||    12
  Use: Scroll            |     1 |       ||     1
 Stab: Sleeping          |     6 |     1 ||     7
       Distracted        |     1 |       ||     1
Armor: Robe              |    30 |    12 ||    42
Dodge: Dodged            |   114 |    90 ||   204

Table legend:
 A = Non-vault XP
 B = Vault XP
 C = Vault XP percentage of total XP
 D = Non-vault monster count
 E = Vault monster count
 F = Vault count percentage of total count
                 A         B        C        D         E       F
            +---------+---------+-------+---------+---------+-------
      Total |      44 |     232 |  84.1 |      27 |       3 |  10.0
            +---------+---------+-------+---------+---------+-------
        D:1 |      25 |       9 |  26.5 |      16 |       2 |  11.1
        D:2 |      19 |     223 |  92.1 |      11 |       1 |   8.3
            +---------+---------+-------+---------+---------+-------
